 Dungeon Crawl Stone Soup version 0.29-a0-653-gd47aff6735 (webtiles) character file.

Game seed: 5685656635005276252

879 miscthings the Cleaver (level 8, 0/63 HPs)
             Began as a Meteoran Fighter on June 21, 2022.
             Slain by an orc
             ... wielding a +0 hand axe
              (2 damage)
             ... on level 6 of the Dungeon.
             The game lasted 00:07:28 (2881 turns).

miscthings the Cleaver (Meteoran Fighter)           Turns: 2881, Time: 00:07:29

Health: 0/63       AC:  8    Str: 19    XL:     8   Next: 50%
Magic:  9/9        EV:  9    Int:  9    God:
Gold:   72         SH:  5    Dex: 15    Spells: 7/7 levels left

rFire   . . .      SeeInvis .   a - +0 war axe
rCold   . . .      Faith    .   c - +0 buckler
rNeg    . . .      Spirit   .   b - +0 scale mail
rPois   .          Reflect  .   (helmet restricted)
rElec   .          Harm     .   (no cloak)
rCorr   .          Rampage  .   (no gloves)
Will    ++...      Clarity  +   s - +0 pair of boots
Stlth   ..........              (no amulet)
HPRegen 0.20/turn               x - ring of willpower
MPRegen 0.11/turn               (no ring)

@: glowing
A: sense surroundings 1, otherworldly, glowing, explore regen, horns 1, clarity
a: no special abilities


You were on level 6 of the Dungeon.
You visited 1 branch of the dungeon, and saw 6 of its levels.

You collected 237 gold pieces.
You spent 165 gold pieces at shops.

Inventory:

Hand Weapons
 a - a +0 war axe (weapon)
 v - a +3 whip
Armour
 b - a +0 scale mail (worn)
 c - a +0 buckler (worn)
 s - a +0 pair of boots (worn)
 y - a +0 helmet
 B - a +2 kite shield
Jewellery
 w - an amulet of faith
 x - a ring of willpower (left hand)
Wands
 z - a wand of digging (5)
Scrolls
 f - a scroll of summoning {unknown}
 i - 2 scrolls of noise {unknown}
 j - 2 scrolls of poison
 l - 3 scrolls of teleportation
 n - a scroll of fog
 p - a scroll of amnesia {unknown}
 q - a scroll of magic mapping {unknown}
 A - a scroll of vulnerability {unknown}
Potions
 d - 2 potions of might
 e - a potion of cancellation
 h - a potion of magic {unknown}
 k - a potion of brilliance {unknown}
 m - 2 potions of curing
 o - 3 potions of resistance
 r - 4 potions of haste
 t - a potion of ambrosia
 u - 2 potions of mutation
 C - a potion of flight {unknown}


   Skills:
 - Level 3.2 Fighting
 + Level 10.8 Axes
 - Level 3.6 Armour
 - Level 3.6 Shields


You had 7 spell levels left.
You didn't know any spells.
Your spell library contained the following spells:

 Spells                   Type           Power      Damage    Failure   Level
 Magic Dart               Conj           0%         1d3       83%         1
 Blink                    Tloc           0%         N/A       93%         2
 Call Imp                 Summ           0%         N/A       93%         2
 Frozen Ramparts          Ice            0%         1d2       99%         3
 Mephitic Cloud           Conj/Pois/Air  0%         N/A       99%         3
 Summon Guardian Golem    Hex/Summ       0%         N/A       99%         3
 Ice Form                 Ice/Tmut       0%         N/A       100%        4
 Summon Ice Beast         Ice/Summ       0%         N/A       100%        4
 Manifold Assault         Tloc           0%         N/A       100%        5
 Orb of Destruction       Conj           0%         9d5       100%        7
 Spellforged Servitor     Conj/Summ      0%         N/A       100%        7
 Storm Form               Tmut/Air       0%         N/A       100%        7


Dungeon Overview and Level Annotations

Branches:
Dungeon (6/15) Zot: 667
 Temple: D:4-7

Altars:
Dithmenos
Elyvilon
Vehumet
Xom

Shops:
D:5 [


Innate Abilities, Weirdness & Mutations

You passively map a small area around you.
You are easily found by Zot.
You glow in the dark.
You regain HP and MP as you explore.
You have a pair of small horns on your head.
You possess an exceptional clarity of mind.


Message History

The orc warrior is moderately wounded.
The orc warrior closely misses you.
You closely miss the orc warrior.
The orc warrior is moderately wounded.
The orc warrior hits you with a +0 long sword.
* * * LOW HITPOINT WARNING * * *
You closely miss the orc warrior. Your headbutt misses the orc warrior.
The orc warrior is moderately wounded.
The orc warrior barely misses you.
You hit the orc warrior but do no damage.
The orc warrior is moderately wounded.
The orc warrior hits you with a +0 long sword.
* * * LOW HITPOINT WARNING * * *
The orc warrior attacks as you move away!
The orc warrior hits you with a +0 long sword.
* * * LOW HITPOINT WARNING * * *
The orc warrior attacks as you move away!
You block the orc warrior's attack.
You closely miss the orc warrior. Your headbutt misses the orc warrior.
The orc warrior is moderately wounded.
The orc warrior hits you with a +0 long sword.
* * * LOW HITPOINT WARNING * * *
You feel much better.
The orc warrior hits you with a +0 long sword.
The orc hits you but does no damage.
You closely miss the orc warrior.
The orc warrior is moderately wounded.
You barely miss the orc.
The orc warrior hits you with a +0 long sword!!
* * * LOW HITPOINT WARNING * * *
You block the orc's attack.
You hit the orc warrior.
The orc warrior is heavily wounded.
You barely miss the orc. You hit the orc. The orc hits you but does no damage.
The orc warrior barely misses you. The orc hits you with a +0 morningstar.
* * * LOW HITPOINT WARNING * * *
The orc attacks as you move away! The orc hits you but does no damage.
There is an open door here.
The orc attacks as you move away! The orc hits you with a +0 hand axe.
You die...

, ,.............[........
*####*.............)))......
, #...
...................... #...
..................... #...
,...........######... ,,#...
######.......# #..)
#...*#....#.......# #... ,
#...##...o#.......# #...
#........o@.......# #...
*#...##...o#.......# .......
######.......# ....... ,
#.......# * , ....... ,
#.......# ,, ....... ,
,,#.......# , .......
#.......+ ####### #.......#
, ...#+####


You could see an orc warrior and 2 orcs.

Vanquished Creatures
  A steam dragon (D:6)
  A water moccasin (D:5)
  A phantom (D:6)
  A necrophage (D:5)
  4 orc priests
  3 hounds
  Jessica (D:2)
  An iguana (D:5)
  Natasha (thrice) (D:3)
  2 orc wizards (D:5)
  3 adders
  A worm (D:2)
  3 dart slugs
  19 orcs
  4 ball pythons
  6 bats
  10 endoplasms
  3 giant cockroaches
  6 goblins
  2 hobgoblins
  2 quokkas
  2 frilled lizards
  4 kobolds
  8 rats
91 creatures vanquished.

Vanquished Creatures (others)
  An orc (D:3)
1 creature vanquished.

Grand Total: 92 creatures vanquished

Notes
Turn   | Place    | Note
-------+----------+-------------------------------------------
     0 | D:1      | miscthings the Meteoran Fighter began the quest for the
                  | Orb.
     0 | D:1      | Reached XP level 1. HP: 19/19 MP: 2/2
   102 | D:1      | Reached skill level 3 in Axes
   102 | D:1      | Reached XP level 2. HP: 22/26 MP: 3/3
   143 | D:1      | Found a faded altar of an unknown god.
   304 | D:1      | Reached XP level 3. HP: 29/31 MP: 4/4
   404 | D:1      | Reached skill level 4 in Axes
   517 | D:2      | Found a white marble altar of Elyvilon.
   638 | D:2      | Noticed Jessica
   643 | D:2      | Killed Jessica
   644 | D:2      | Reached skill level 5 in Axes
   644 | D:2      | Reached XP level 4. HP: 31/38 MP: 5/5
   946 | D:3      | Reached XP level 5. HP: 42/45 MP: 6/6
  1270 | D:3      | Reached skill level 6 in Axes
  1372 | D:3      | Noticed Natasha
  1379 | D:3      | Killed Natasha
  1382 | D:3      | Reached XP level 6. HP: 48/51 MP: 7/7
  1396 | D:3      | Found a shimmering altar of Xom.
  1475 | D:3      | Noticed Natasha
  1479 | D:3      | Killed Natasha
  1569 | D:3      | Noticed Natasha
  1578 | D:3      | Killed Natasha
  1579 | D:3      | Reached skill level 7 in Axes
  1783 | D:4      | Gained mutation: You have a pair of small horns on your
                  | head. [potion of mutation]
  1783 | D:4      | Gained mutation: You tend to lose your temper in combat.
                  | [potion of mutation]
  1783 | D:4      | Gained mutation: Your movements are slightly less
                  | encumbered by armour. (ER -2) [potion of mutation]
  1783 | D:4      | Gained mutation: Your spells are a little harder to cast,
                  | but a little more powerful. [potion of mutation]
  1784 | D:4      | Lost mutation: You tend to lose your temper in combat.
                  | [potion of mutation]
  1784 | D:4      | Lost mutation: You have a pair of small horns on your head.
                  | [potion of mutation]
  1784 | D:4      | Lost mutation: Your movements are slightly less encumbered
                  | by armour. (ER -2) [potion of mutation]
  1784 | D:4      | Gained mutation: You have a pair of small horns on your
                  | head. [potion of mutation]
  1784 | D:4      | Lost mutation: Your spells are a little harder to cast, but
                  | a little more powerful. [potion of mutation]
  1784 | D:4      | Gained mutation: You possess an exceptional clarity of
                  | mind. [potion of mutation]
  1847 | D:5      | Entered Level 5 of the Dungeon
  1886 | D:5      | Reached skill level 8 in Axes
  1886 | D:5      | Reached XP level 7. HP: 54/57 MP: 8/8
  1926 | D:5      | Reached skill level 9 in Axes
  2106 | D:5      | Noticed a water moccasin
  2122 | D:5      | Killed a water moccasin
  2123 | D:5      | Reached XP level 8. HP: 50/63 MP: 9/9
  2141 | D:5      | Found Faneoff's Antique Armour Shoppe.
  2703 | D:6      | Reached skill level 10 in Axes
  2742 | D:5      | Bought a glowing kite shield for 165 gold pieces
  2751 | D:6      | Noticed a steam dragon
  2753 | D:6      | Found a radiant altar of Vehumet.
  2760 | D:6      | Killed a steam dragon
  2760 | D:6      | Found a shadowy altar of Dithmenos.
  2879 | D:6      | HP: 2/63 [orc/+0 morningstar (5)]
  2881 | D:6      | Slain by an orc

Illustrated notes

Levels and vault maps discovered:
D:1:      evilmike_arrival_crescent, layout_basic,
          ebering_ecumenical_altar_sacrificial, grunt_decor_one_mirror,
          serial_park_tiny_1
D:2:      minmay_chambers_of_ones, layout_basic, basic_altar, uniq_jessica
D:3:      layout_rooms, mainiacjoe_overflow_six_doors_small, uniq_natasha
D:4:      layout_rooms
D:5:      layout_cave_pods, serial_shops, shop
D:6:      layout_gridville, jmf_multi_god_temple

Skill      XL: |  1  2  3  4  5  6  7  8 |
---------------+-------------------------+-----
Axes           | 3 5 6 8 9 10 | 10.8
Fighting       | |  3.2
Armour         | |  3.6
Shields        | |  3.6

Action                   |  1- 3 |  4- 6 |  7- 9 || total
-------------------------+-------+-------+-------++-------
Melee: War axe           |    62 |   119 |    57 ||   238
       Headbutt          |       |       |    11 ||    11
  Use: Potion            |       |     5 |     2 ||     7
       Scroll            |       |     6 |     1 ||     7
Armor: Scale mail        |    24 |    60 |    29 ||   113
Dodge: Dodged            |    14 |    52 |    20 ||    86
Block: Buckler           |    15 |    35 |    12 ||    62

Table legend: (Time is in decaauts)
 A = Elapsed time spent in this place.
 B = Non-inter-level travel time spent in this place.
 C = Inter-level travel time spent in this place.
 D = Time resting spent in this place.
 E = Time spent auto-exploring this place.
 F = Levels seen in this place.
 G = Mean time per level.
                   A        B        C        D        E       F      G
               +--------+--------+--------+--------+--------+-----+--------+
         Total |   2932 |   2671 |    261 |      0 |   1670 |   6 |  488.7 |
       Dungeon |   2932 |   2671 |    261 |      0 |   1670 |   6 |  488.7 |
               +--------+--------+--------+--------+--------+-----+--------+

Top non-repeatable levels by time:
     D:5: 884 daAuts
     D:2: 616 daAuts
     D:3: 516 daAuts
     D:1: 496 daAuts
     D:4: 264 daAuts
     D:6: 153 daAuts
